 Dungeon Crawl Stone Soup version 0.27.1 (webtiles) character file.

Game seed: 11102028365684344827

37 Kinoniko the Cudgeller (level 3, -1/43 HPs)
             Began as a Human Berserker on Sept 3, 2021.
             Was a Follower of Trog.
             Slain by a goblin (2 damage)
             ... on level 1 of the Dungeon.
             The game lasted 00:01:15 (1717 turns).

Kinoniko the Cudgeller (Human Berserker)            Turns: 1717, Time: 00:01:15

Health: -1/43      AC:  2    Str: 18    XL:     3   Next: 62%
Magic:  3/3        EV: 12    Int:  7    God:    Trog [*.....]
Gold:   57         SH:  0    Dex: 12    Spells: 2/2 levels left

rFire    . . .     SeeInvis .   c - +0 whip
rCold    . . .     Faith    .   (no shield)
rNeg     . . .     Spirit   .   b - +0 animal skin
rPois    .         Reflect  .   (no helmet)
rElec    .         Harm     .   (no cloak)
rCorr    .         Rampage  .   (no gloves)
Will     .....                  (no boots)
Stlth    ..........             (no amulet)
HPRegen  0.14/turn              (no ring)
MPRegen  0.08/turn              (no ring)

@: berserking, very quick
A: no striking features
a: Renounce Religion, Berserk


You were on level 1 of the Dungeon.
You worshipped Trog.
Trog was aware of your devotion.
You visited 1 branch of the dungeon, and saw 2 of its levels.

You collected 57 gold pieces.

Inventory:

Hand Weapons
 a - a +0 mace
 c - a +0 whip (weapon)
Armour
 b - a +0 animal skin (worn)
Scrolls
 g - a scroll of teleportation {unknown}
Potions
 d - 3 potions of degeneration {unknown}
 e - 3 potions of curing {unknown}
 f - a potion of cancellation {unknown}


   Skills:
 - Level 3.0 Fighting
 * Level 4.0 Maces & Flails
 - Level 2.0 Armour
 + Level 2.6 Dodging


You had 2 spell levels left.
You didn't know any spells.
Your spell library was empty.

Dungeon Overview and Level Annotations

Branches:
Dungeon (2/15)

Altars:

Annotations:
D:2 1 runed translucent door, Crazy Yiuf


Message History

You barely miss the goblin.
The goblin is heavily wounded.
The bat barely misses you. The goblin hits you but does no damage.
There are monsters nearby!
You barely miss the goblin.
The goblin is heavily wounded.
The bat barely misses you. The goblin hits you with a +0 dagger.
The goblin hits you with a +0 club.
You closely miss the goblin.
The goblin is heavily wounded.
The bat hits you. The goblin hits you with a +0 dagger.
The goblin closely misses you.
You hit the goblin but do no damage.
The goblin is heavily wounded.
The bat misses you. The goblin hits you with a +0 dagger.
The goblin hits you with a +0 club.
You fail to use your ability.
The bat hits you but does no damage. The bat barely misses you.
The goblin misses you. The goblin hits you with a +0 club.
* * * LOW HITPOINT WARNING * * *
You hit the goblin but do no damage. The bat misses you.
The goblin hits you with a +0 dagger.
* * * LOW HITPOINT WARNING * * *
The goblin hits you with a +0 club.
* * * LOW HITPOINT WARNING * * *
Unknown command.
Unknown command.
A red film seems to cover your vision as you go berserk!
You feel yourself moving faster!
You feel mighty! The bat hits you but does no damage.
The goblin closely misses you. The goblin hits you with a +0 club.
* * * LOW HITPOINT WARNING * * *
You whack the goblin!
You kill the goblin!
Trog accepts your kill.
You whack the bat!
You kill the bat!
Trog accepts your kill. The goblin hits you with a +0 club.
You die...

...########....#
...............>..#.####
!.......#######.........
.........# #.........
.........## #)........
..........# #.........
........#.# #.........
.....(.g#.#####.........
......)@.....##.........
##...##....#.##.........
#. ####...##......###
#...........#
#####...##......#
+.....#.##....รท.###
#.................
#..............###
#.................


You could see a goblin.

Vanquished Creatures
  An adder (D:2)
  2 dart slugs
  3 endoplasms
  A giant cockroach (D:1)
  3 goblins
  3 hobgoblins (D:2)
  3 jackals (D:1)
  2 kobolds (D:2)
  A quokka (D:1)
  A bat (D:1)
  A frilled lizard (D:2)
  A rat (D:2)
22 creatures vanquished.

Notes
Turn   | Place    | Note
-------+----------+-------------------------------------------
     0 | D:1      | Kinoniko the Human Berserker began the quest for the Orb.
     0 | D:1      | Reached XP level 1. HP: 18/18 MP: 1/1
    13 | D:1      | You fall into a shaft and drop 1 floor!
   350 | D:2      | Reached XP level 2. HP: 20/24 MP: 2/2
   890 | D:2      | Found a runed translucent door.
   891 | D:2      | Noticed Crazy Yiuf
   934 | D:2      | Reached XP level 3. HP: 20/29 MP: 3/3
  1161 | D:2      | Found a faded altar of an unknown god.
  1707 | D:1      | Reached skill level 4 in Maces & Flails
  1715 | D:1      | HP: 1/43 [goblin (2)]
  1717 | D:1      | Slain by a goblin

Illustrated notes

Levels and vault maps discovered:
D:1:      wander_arrival_estate, layout_basic, minmay_misc_feat_columns
D:2:      layout_basic, ebering_ecumenical_altar_ruins, serial_bayou_pond_c,
          chequers_serial_rivers_small_a, uniq_crazy_yiuf_cottage

Skill      XL: |  1  2  3 |
---------------+----------+-----
Maces & Flails | 4 |  4.0
Fighting       | |  3.0
Armour         | |  2.0
Dodging        | |  2.6

Action                   || total
-------------------------++-------
Melee: Mace              ||    20
       Whip              ||    83
Invok: Berserk           ||     4
 Stab: Sleeping          ||     1
Armor: Animal skin       ||     8
Dodge: Dodged            ||    59
